 Dungeon Crawl Stone Soup version 0.22-a0-374-g5dfd9e3 (webtiles) character file.

63 iamserjio the Firebug (level 3, -1/24 HPs)
             Began as a Demonspawn Fire Elementalist on Apr 26, 2018.
             Slain by Natasha (4 damage)
             ... on level 2 of the Dungeon.
             The game lasted 00:05:00 (1816 turns).

iamserjio the Firebug (DsFE)                        Turns: 1816, Time: 00:05:01

Health: -1/24      AC:  2    Str:  8    XL:     3   Next: 89%
Magic:  5/7        EV: 12    Int: 17    God:
Gold:   88         SH:  0    Dex: 13    Spells: 6/7 levels left

rFire    . . .     SeeInvis .   d - +0 club
rCold    . . .     Gourm    .   (no shield)
rNeg     . . .     Faith    .   a - +0 robe
rPois    .         Spirit   .   (no helmet)
rElec    .         Reflect  .   (no cloak)
rCorr    .         Harm     .   (no gloves)
MR       .....                  (no boots)
Stlth    ++........             (no amulet)
HPRegen  0.08/turn              (no ring)
MPRegen  0.10/turn              (no ring)

@: slowed, very slow
A: talons 2
a: no special abilities


You were on level 2 of the Dungeon.
You were not hungry.

You visited 1 branch of the dungeon, and saw 2 of its levels.

You collected 88 gold pieces.

Inventory:

Hand Weapons
 d - a +0 club (weapon)
Armour
 a - a +0 robe (worn)
Jewellery
 g - an uncursed amulet of guardian spirit {unknown}
 l - an uncursed ring of see invisible {unknown}
Scrolls
 b - 3 scrolls of identify {unknown}
 e - a scroll of enchant weapon {unknown}
 j - a scroll of fog {unknown}
 k - 2 scrolls of fear {unknown}
Potions
 f - a potion of agility {unknown}
 h - a potion of degeneration {unknown}
Comestibles
 c - 3 rations
 i - a chunk of flesh


   Skills:
 - Level 1.7 Dodging
 - Level 1.7 Stealth
 + Level 2.8 Spellcasting
 + Level 2.3 Conjurations
 + Level 3.3 Fire Magic


You had 6 spell levels left.
You knew the following spells:

 Your Spells              Type           Power        Failure   Level  Hunger
a - Flame Tongue          Conj/Fire      ##...        5%          1    #......


Dungeon Overview and Level Annotations

Branches:
Dungeon (2/15)

Altars:

Annotations:
D:2 Jessica, Natasha


Innate Abilities, Weirdness & Mutations

You have razor-sharp toenails.


Message History

Confirm with . or Enter, or press ? or * to list all spells.
Aiming: Flame Tongue (safe; 5% risk of failure)
Press: ? - help, Shift-Dir - straight line, f - Natasha
Aim: Natasha (fast)
The flame tongue hits Natasha.
Natasha is heavily wounded.
Natasha casts a spell at you. The magic dart hits you!
Natasha stares at you and mumbles some strange words.
The magic dart hits you!
* * * LOW HITPOINT WARNING * * *
Casting: Flame Tongue (safe; 5% risk of failure)
Confirm with . or Enter, or press ? or * to list all spells.
Aiming: Flame Tongue (safe; 5% risk of failure)
Press: ? - help, Shift-Dir - straight line, f/p - Natasha
Aim: Natasha (heavily wounded, fast)
The flame tongue hits Natasha.
Natasha is almost dead.
Natasha claws you.
You die...

... #.### .. ####h..### ..
#..........# ## #. ##########..
..##.#########################..
#...................h...........
###.##..#....h#################
. #....######.@.....###...
..###..### #######.##..# #
#......# #.##.# ## ####...##
#....# ##. ##..<## #)...### #..
##.#..# #..##...####..
####..##.#######
....#####...##..
......##..........### ###..#..
...........#.#### #......รท


You could see Natasha.

Vanquished Creatures
  2 adders (D:2)
  2 dart slugs (D:2)
  2 leopard geckos (D:1)
  3 giant cockroaches
  7 goblins
  5 hobgoblins
  4 kobolds
  A quokka (D:2)
  2 bats
  3 frilled lizards (D:1)
  7 rats
38 creatures vanquished.

Notes
Turn   | Place    | Note
-------+----------+-------------------------------------------
     0 | D:1      | iamserjio the Demonspawn Fire Elementalist began the quest for the Orb.
     0 | D:1      | Reached XP level 1. HP: 13/13 MP: 3/3
   233 | D:1      | Gained mutation: You have sharp toenails. [demonic ancestry]
   233 | D:1      | Reached XP level 2. HP: 12/19 MP: 0/5
   665 | D:1      | Reached skill level 3 in Fire Magic
  1221 | D:2      | Gained mutation: You have razor-sharp toenails. [demonic ancestry]
  1221 | D:2      | Reached XP level 3. HP: 19/24 MP: 2/6
  1788 | D:2      | Noticed Jessica
  1792 | D:2      | Noticed Natasha
  1816 | D:2      | Slain by Natasha

Vault maps used:
D:1:      lightli_arrival_maybe_door_vault, minmay_misc_feat_more_columns
D:2:      uniq_jessica, uniq_natasha

Skill      XL: |  1  2 |
---------------+-------+-----
Fire Magic     | 3 |  3.3
Conjurations   | 2 |  2.3
Dodging        | |  1.7
Stealth        | |  1.7
Spellcasting   | |  2.8

Action                   || total
-------------------------++-------
Melee: Club              ||    41
       Kick              ||     8
 Cast: Flame Tongue      ||    57
 Stab: Sleeping          ||     2
  Eat: Chunk             ||     3
Armor: Robe              ||    11
Dodge: Dodged            ||    49

Table legend:
 A = Spawn XP
 B = Non-spawn XP
 C = Spawn XP percentage of total XP
 D = Spawn monster count
 E = Non-spawn monster count
 F = Spawn count percentage of total count
 G = Total turns spent on level
                    A         B        C        D         E        F      G
               +---------+---------+-------+---------+---------+-------+---------
         Total |       0 |      91 |   0.0 |       0 |      38 |   0.0 |  1816
               +---------+---------+-------+---------+---------+-------+---------
           D:1 |       0 |      38 |   0.0 |       0 |      23 |   0.0 |  1206
           D:2 |       0 |      53 |   0.0 |       0 |      15 |   0.0 |   610
               +---------+---------+-------+---------+---------+-------+---------
